 Dungeon Crawl Stone Soup version 0.21.1-1-g345015f (webtiles) character file.

2578 raistware the Cleaver (level 9, -6/55 HPs)
             Began as a Gargoyle Berserker on Mar 24, 2018.
             Was an Initiate of the Shining One.
             Mangled by a polar bear (17 damage)
             ... created by the rage of Trog
             ... on level 6 of the Dungeon.
             The game lasted 00:31:42 (5904 turns).

raistware the Cleaver (Gargoyle Berserker)          Turns: 5904, Time: 00:31:42

Health: -6/55      AC: 17    Str: 23    XL:     9   Next: 57%
Magic:  9/9        EV:  8    Int:  8    God:    the Shining One [......]
Gold:   283        SH:  0    Dex: 10    Spells: 8/8 levels left

rFire    . . .     SeeInvis .   p - -2 hand axe (curse)
rCold    + . .     Gourm    .   (no shield)
rNeg     + + +     Faith    +   i - +1 chain mail {rN+}
rPois    ∞         Spirit   .   (no helmet)
rElec    +         Reflect  .   (no cloak)
rCorr    .         Harm     .   (no gloves)
MR       ++...                  (no boots)
Stlth    ..........             H - amulet of faith
HPRegen  0.18/turn              q - ring of positive energy
MPRegen  0.11/turn              r - ring "Dynur" {*Contam +Fly rC+ MR++ Stlth+}

@: about to teleport, hasted, glowing, very quick
A: negative energy resistance 1, electricity resistance, unbreathing,
petrification resistance, rot immunity, AC +6
a: Renounce Religion, Evoke Flight


You were on level 6 of the Dungeon.
You worshipped the Shining One.
The Shining One was noncommittal.
You were not hungry.

You visited 2 branches of the dungeon, and saw 7 of its levels.
You also visited: Sewer.

You collected 283 gold pieces.

Inventory:

Hand Weapons
 a - a +0 hand axe
 o - a cursed +0 hand axe
 p - a cursed -2 hand axe (weapon)
 C - a +0 blowgun
 J - a +2 flail of protection
Missiles
 m - 16 tomahawks (quivered)
 D - 34 poisoned needles
 I - 8 steel javelins
Armour
 i - a +1 chain mail of positive energy (worn)
Magical Staves
 k - an uncursed staff of power {unknown}
Jewellery
 q - a ring of positive energy (left hand)
 r - the ring "Dynur" (right hand) {*Contam +Fly rC+ MR++ Stlth+}
   (You found it on level 4 of the Dungeon)

   [ring of protection from cold]

   It protects you from cold.
   It affects your resistance to hostile enchantments.
   It lets you fly.
   It causes magical contamination when unequipped.
   It makes you more stealthy.
 H - an amulet of faith (around neck)
Wands
 K - a wand of polymorph (30)
Scrolls
 d - 3 scrolls of magic mapping {unknown}
 e - 2 scrolls of enchant weapon {unknown}
 f - 2 scrolls of immolation
 g - 5 scrolls of identify {unknown}
 h - a scroll of fog {unknown}
 j - 7 scrolls of teleportation
 n - a scroll of random uselessness
 t - a scroll of enchant armour {unknown}
 y - a scroll of silence {unknown}
 F - a scroll of remove curse
 L - a scroll of amnesia
Potions
 l - 4 potions of might {unknown}
 s - a potion of cancellation {unknown}
 v - a potion of lignification {unknown}
 x - 3 potions of curing {unknown}
 z - 2 potions of agility {unknown}
 A - a potion of brilliance {unknown}
 B - 5 potions of flight
 E - 3 potions of heal wounds {unknown}
 G - 2 potions of ambrosia {unknown}
Books
 b - a book of Geomancy

   Spells                             Type                      Level
   a - Sandblast                      Earth                        1
   b - Passwall                       Transmutation/Earth          2
   c - Stone Arrow                    Conjuration/Earth            3
   d - Petrify                        Transmutation/Earth          4
   e - Lee's Rapid Deconstruction     Earth                        5
Comestibles
 c - 10 rations
 u - 3 chunks of flesh


   Skills:
 + Level 6.0 Fighting
 * Level 10.2 Axes
 + Level 5.7 Armour
 - Level 1.5 Dodging


You had 8 spell levels left.
You didn't know any spells.

Dungeon Overview and Level Annotations

Branches:
Dungeon (6/15)             Temple (1/1) D:6

Altars:
Ashenzari
Cheibriados
Dithmenos
Elyvilon
Fedhas
Gozag
Hepliaklqana
Kikubaaqudgha
Nemelex Xobeh
Okawaru
Ru
Sif Muna
Trog
Uskayaw
Vehumet
Wu Jian
Xom
Yredelemnul
Zin
The Shining One


Innate Abilities, Weirdness & Mutations

You are resistant to torment.
Your stone body is resilient. (AC +6)
You are immune to poison.
You resist negative energy. (rN+)
You are resistant to electric shocks. (rElec)
You can survive without breathing.
You are immune to petrification.
You are immune to rotting.


Message History

Your chain mail prevents you from hitting the polar bear.
The ogre rages.
The polar bear bites you!
The polar bear claws you but does no damage. x2
Okay, then.
Okay, then.
Okay, then.
You can't unwield your weapon to draw a new one!
Okay, then.
You feel yourself speed up.
The ogre hits you with a giant spiked club!!
* * * LOW HITPOINT WARNING * * *
The polar bear bites you but does no damage.
The polar bear claws you.
* * * LOW HITPOINT WARNING * * *
The polar bear claws you but does no damage.
The two-headed ogre barely misses you. x2
You barely miss the polar bear. You barely miss the two-headed ogre.
You hit the ogre but do no damage. The polar bear bites you!
You die...

##.###.## #.# ##...## #
##....##.# #.#### ##.....###
##...#.##.# #.##.## ##.......##
##......##.###.....####.........#
......###.............'........))
##...#...###.......####.........#
##.##.### #.####..# ##.......##
####.# #.# ##O.# ##.....## #.#
#.# #@Oh# ##...## #.# #.# #h#.#
##'## ######.# #.# #.#.# #.#
.......# #.. ....# #.# ########
#####.### ##.## #.# ##...## #.#
#.....# #.# ##...## #######.#####


You could see a two-headed ogre (berserk), a polar bear (berserk), a black bear
(berserk) and an ogre (berserk).

Vanquished Creatures
  The ghost of kaesh the Chopper, a novice FoFi (D:3)
  Grinder (D:6)
  Edmund (D:5)
  The ghost of Mirai the Thaumaturge, an amateur DECj of Vehumet (D:4)
  A sky beast (D:5)
  2 ogres (D:4)
  2 phantoms (D:5)
  A necrophage (D:6)
  A centaur (D:5)
  A bullfrog (D:6)
  A big kobold (Sewer)
  2 scorpions
  A water moccasin skeleton (D:5)
  2 howler monkeys (D:6)
  4 crimson imps
  A hound (D:4)
  A centaur zombie (D:6)
  An orc priest (D:5)
  5 orc wizards
  An iguana (D:5)
  A worker ant (D:5)
  6 gnolls
  10 adders
  9 river rats
  A shadow imp (D:6)
  3 oozes
  3 adder skeletons
  2 worms
  4 leopard geckos
  38 orcs
  5 ball pythons
  8 giant cockroaches
  7 goblins
  15 hobgoblins
  12 jackals
  24 kobolds
  6 quokkas
  11 bats
  7 frilled lizards
  39 rats
242 creatures vanquished.

Notes
Turn   | Place    | Note
-------+----------+-------------------------------------------
     0 | D:1      | raistware the Gargoyle Berserker began the quest for the Orb.
     0 | D:1      | Reached XP level 1. HP: 14/14 MP: 1/1
   192 | D:1      | Reached skill level 3 in Axes
   213 | D:1      | Reached XP level 2. HP: 19/19 MP: 2/2
   360 | D:1      | Reached XP level 3. HP: 24/24 MP: 3/3
   428 | D:1      | Reached ** piety under Trog
   792 | D:2      | Found a sacrificial altar of Ru.
   850 | D:2      | Found a faded altar of an unknown god.
   939 | D:2      | Reached XP level 4. HP: 20/29 MP: 4/4
  1239 | D:2      | Reached skill level 4 in Axes
  1249 | D:2      | Found a sparkling altar of Nemelex Xobeh.
  1276 | D:2      | Found an iron altar of Okawaru.
  1484 | D:2      | Reached XP level 5. HP: 25/33 MP: 5/5
  1576 | D:3      | Reached skill level 5 in Axes
  1674 | D:3      | Reached XP level 6. HP: 39/39 MP: 6/6
  1679 | D:3      | Reached *** piety under Trog
  1788 | D:3      | Noticed kaesh's ghost (novice FoFi)
  1871 | D:3      | Killed kaesh's ghost
  1871 | D:3      | Reached skill level 6 in Axes
  1871 | D:3      | Reached XP level 7. HP: 22/44 MP: 7/7
  2121 | D:3      | Found an ancient bone altar of Kikubaaqudgha.
  2122 | D:3      | Found a shattered altar of Ashenzari.
  2478 | D:4      | Reached skill level 7 in Axes
  2647 | D:4      | Found a faded altar of an unknown god.
  2647 | D:4      | Found a snail-covered altar of Cheibriados.
  2652 | D:4      | Found a faded altar of an unknown god.
  2654 | D:4      | Found a hide-covered altar of Uskayaw.
  2679 | D:4      | Found a shimmering altar of Xom.
  2841 | D:4      | Noticed Mirai's ghost (amateur DECj)
  2851 | D:4      | Killed Mirai's ghost
  2851 | D:4      | Reached XP level 8. HP: 48/48 MP: 8/8
  2986 | D:4      | Reached skill level 5 in Fighting
  3057 | D:4      | Got a brightly glowing bronze ring
  3164 | D:4      | Reached **** piety under Trog
  3443 | D:5      | Entered Level 5 of the Dungeon
  3560 | D:5      | Reached skill level 8 in Axes
  3626 | D:5      | Found a glowing drain.
  3667 | Sewer    | Entered a sewer
  4236 | Sewer    | Reached ***** piety under Trog
  4478 | D:5      | Reached skill level 9 in Axes
  4716 | D:5      | Reached skill level 5 in Armour
  4716 | D:5      | Reached XP level 9. HP: 43/54 MP: 9/9
  4730 | D:5      | Received a gift from Trog
  4746 | D:5      | Found a white marble altar of Elyvilon.
  4970 | D:5      | Found a bloodstained altar of Trog.
  5014 | D:5      | Noticed Edmund
  5037 | D:5      | Killed Edmund
  5053 | D:5      | Identified the ring "Dynur" {*Contam +Fly rC+ MR++ Stlth+} (You found it on level 4 of the Dungeon)
  5435 | D:6      | Found a staircase to the Ecumenical Temple.
  5441 | Temple   | Entered the Ecumenical Temple
  5461 | Temple   | Fell from the grace of Trog
  5461 | Temple   | Became a worshipper of the Shining One
  5565 | D:6      | Reached skill level 10 in Axes
  5609 | D:6      | Noticed Grinder
  5649 | D:6      | Killed Grinder
  5901 | D:6      | Noticed a two-headed ogre
  5901 | D:6      | Noticed a polar bear
  5904 | D:6      | Mangled by a polar bear

Skill      XL: |  1  2  3  4  5  6  7  8  9 |
---------------+----------------------------+-----
Axes           | 3 4 5 6 7 9 10 | 10.2
Fighting       | 4 5 6 |  6.0
Armour         | 3 4 5 |  5.7
Dodging        | |  1.5

Action                   |  1- 3 |  4- 6 |  7- 9 || total
-------------------------+-------+-------+-------++-------
Melee: Hand axe          |   125 |   190 |   723 ||  1038
Throw: Tomahawk          |       |     2 |     6 ||     8
Invok: Berserk           |       |     4 |     7 ||    11
       Trog's Hand       |       |     3 |     2 ||     5
  Use: Scroll            |       |     7 |     1 ||     8
       Potion            |       |     1 |     1 ||     2
  Eat: Chunk             |       |     7 |    23 ||    30
Armor: Animal skin       |    18 |       |       ||    18
       Leather armour    |    48 |     7 |       ||    55
       Chain mail        |       |   130 |   445 ||   575
Dodge: Dodged            |   100 |   104 |   257 ||   461
